 Dungeon Crawl Stone Soup version 0.21-a0-591-g2314aa1 (webtiles) character file.

42619 M4edhros the Basher (level 14, -2/92 HPs)
             Began as an Octopode Artificer on Dec 22, 2017.
             Was an Elder of Cheibriados.
             Slain by a six-headed hydra (5 damage)
             ... on level 1 of the Lair of Beasts on Dec 23, 2017.
             The game lasted 00:54:29 (7764 turns).

M4edhros the Basher (Octopode Artificer)            Turns: 7764, Time: 00:54:30

Health: -2/92      AC:  9    Str: 24    XL:     14   Next: 20%
Magic:  14/25      EV: 22    Int: 22    God:    Cheibriados [****..]
Gold:   105        SH: 22    Dex: 30    Spells: 10/24 levels left

rFire    + . .     SeeInvis +   c - +2 morningstar (protect)
rCold    + . .     Gourm    .   T - +3 large shield {rC+}
rNeg     . . .     Faith    .   H - +1 hat
rPois    .         Spirit   .   F - amulet of regeneration
rElec    .         Reflect  .   e - ring of flight
rCorr    .         Harm     .   E - ring "Uriutwucw" {Wiz rF+ Str+4}
MR       ++...                  K - +3 ring of dexterity
Stlth    ++++++....             R - ring of wizardry
HPRegen  0.65/turn              V - ring of see invisible
MPRegen  0.19/turn              U - ring of stealth
                                W - ring of protection from magic
                                (no ring)

@: protection aura, very slow
A: almost no armour, stealthy swim, amphibious, 8 rings, constrict 8, repulsion
field 1, camouflage 1, high mp 1, gelatinous body 1
a: Bend Time, Temporal Distortion, Slouch, Renounce Religion, Evoke Flight


You were on level 1 of the Lair of Beasts.
You worshipped Cheibriados.
Cheibriados was greatly pleased with you.
You were not hungry.

You visited 4 branches of the dungeon, and saw 17 of its levels.
You also visited: Ice Cave.

You collected 1636 gold pieces.
You spent 1531 gold pieces at shops.

Inventory:

Hand Weapons
 c - a +2 morningstar of protection (weapon)
 u - a +2 flail of protection
 J - the +3 rapier of the Candelabrum {drain, rElec rF- rC+ MR+}
   (You found it on level 6 of the Dungeon)

   A truly terrible weapon, it drains the life of those it strikes.
   It makes you vulnerable to fire.
   It protects you from cold.
   It insulates you from electricity.
   It affects your resistance to hostile enchantments.
Armour
 r - a +1 hat
 w - a +0 buckler
 H - a +1 hat (worn)
 T - a +3 large shield of cold resistance (worn)
Jewellery
 e - a ring of flight (left tentacle)
 z - an uncursed amulet of guardian spirit
 E - the ring "Uriutwucw" (right tentacle) {Wiz rF+ Str+4}
   (You found it on level 6 of the Dungeon)

   [ring of wizardry]

   It improves your spell success rate.
   It affects your strength (+4).
   It protects you from fire.
 F - an amulet of regeneration (around mantle)
 K - a +3 ring of dexterity (on tentacle)
 R - a ring of wizardry (on tentacle)
 U - a ring of stealth (on tentacle)
 V - a ring of see invisible (on tentacle)
 W - a ring of protection from magic (on tentacle)
Wands
 b - a wand of flame (17)
 d - a wand of random effects (2)
 h - a wand of scattershot (1)
 D - a wand of paralysis (10)
 I - a wand of polymorph (9)
 P - a wand of digging (7)
Scrolls
 g - 3 scrolls of fear
 i - 6 scrolls of remove curse
 k - 5 scrolls of teleportation
 l - 4 scrolls of amnesia
 q - a scroll of vulnerability {unknown}
 t - a scroll of identify
 v - a scroll of blinking {unknown}
 y - 2 scrolls of noise
 M - a scroll of magic mapping {unknown}
 O - 2 scrolls of immolation
Potions
 a - a potion of invisibility {unknown}
 m - 4 potions of heal wounds
 o - 3 potions of mutation
 p - 6 potions of flight
 s - 3 potions of magic
 x - 4 potions of brilliance
 A - a potion of ambrosia
 B - 2 potions of berserk rage
 G - 4 potions of curing
 N - 2 potions of haste {unknown}
 Q - 2 potions of agility
 S - a potion of resistance {unknown}
 X - a potion of might {unknown}
Books
 j - a book of Battle

   Spells                             Type                      Level
   a - Infusion                       Charms                       1
   b - Shroud of Golubria             Charms/Translocation         2
   c - Song of Slaying                Charms                       2
   d - Spectral Weapon                Hexes/Charms                 3
   e - Regeneration                   Charms/Necromancy            3
 n - a Young Poisoner's Handbook

   Spells                             Type                      Level
   a - Sting                          Conjuration/Poison           1
   b - Poisonous Vapours              Poison/Air                   2
   c - Mephitic Cloud                 Conjuration/Poison/Air       3
   d - Olgreb's Toxic Radiance        Poison                       4
   e - Venom Bolt                     Conjuration/Poison           5
 C - a book of Misfortune

   Spells                             Type                      Level
   a - Confusing Touch                Hexes                        1
   b - Confuse                        Hexes                        3
   c - Gell's Gravitas                Translocation                3
   d - Petrify                        Transmutation/Earth          4
   e - Metabolic Englaciation         Hexes/Ice                    5
   f - Yara's Violent Unravelling     Hexes/Transmutation          5
Miscellaneous
 L - a phial of floods
Comestibles
 f - 26 rations


   Skills:
 - Level 7.6 Fighting
 - Level 1.0 Short Blades
 - Level 10.2 Maces & Flails
 - Level 9.1 Dodging
 - Level 6.8 Stealth
 * Level 9.0 Shields
 - Level 5.9 Spellcasting
 - Level 9.2 Hexes
 - Level 9.6 Invocations
 * Level 9.0 Evocations


You had 10 spell levels left.
You knew the following spells:

 Your Spells              Type           Power        Failure   Level  Hunger
a - Confuse               Hex            #####...     1%          3    ##.....
b - Regeneration          Chrm/Necr      #.........   45%         3    ##.....
c - Song of Slaying       Chrm           #.......     28%         2    None
d - Spectral Weapon       Hex/Chrm       ####....     9%          3    ##.....
e - Mephitic Cloud        Conj/Pois/Air  #.......     45%         3    ##.....


Dungeon Overview and Level Annotations

Branches:
Dungeon (13/15)            Temple (1/1) D:4            Lair (1/6) D:9
    Orc (2/2) D:9             Elf (0/3) Orc:2
 Vaults: D:13-14

Altars:
Ashenzari
Cheibriados
Dithmenos
Elyvilon
Fedhas
Gozag
Hepliaklqana
Kikubaaqudgha
Makhleb
Okawaru
Ru
Sif Muna
Uskayaw
Vehumet
Wu Jian
Xom
Zin
The Shining One
Beogh

Shops:
D:6 *   D:11 !   Orc:2 !=:!


Innate Abilities, Weirdness & Mutations

You cannot wear most types of armour.
You are very stealthy in the water. (Stealth+)
You are amphibious.
You can wear up to eight rings at the same time.
You can use your tentacles to constrict eight enemies at once.
Your skin changes colour to match your surroundings (Stealth+).
Your rubbery body absorbs attacks. (AC +1, EV +1)
You are surrounded by a mild repulsion field. (EV +2)
You have an increased reservoir of magic. (+10% MP)


Message History

You block the six-headed hydra's attack. x2
The six-headed hydra bites you!
The six-headed hydra completely misses you.
The six-headed hydra bites you but does no damage.
You hit the six-headed hydra.
Your squeeze misses the six-headed hydra.
The six-headed hydra is heavily wounded.
You block the six-headed hydra's attack. x3
The six-headed hydra completely misses you.
The six-headed hydra misses you. The six-headed hydra bites you.
Unknown command.
You puncture the six-headed hydra! You squeeze the six-headed hydra!
The six-headed hydra is almost dead.
The six-headed hydra bites you!
* * * LOW HITPOINT WARNING * * *
You block the six-headed hydra's attack. x2
The six-headed hydra bites you!
* * * LOW HITPOINT WARNING * * *
The six-headed hydra bites you.
You die...

# ### ### ########
..#.P######.####.##.#.##
........................
#.......l...............
........................
#.......................
#......@....[......>....
.[.....D###.#...........
#.......# ###...........
#.......# #..........#
#.......# #..........#
#.......# #...........
#.......# #..........#
#.......# #...........
#...........


You could see a six-headed hydra and a komodo dragon (confused).

Vanquished Creatures
  Kirke (D:13)
  A frost giant (IceCv)
  An orc warlord (Orc:2)
  Erolcha (D:10)
  A hydra (D:13)
  Harold (D:10)
  Erica (D:8)
  3 centaur warriors
  4 two-headed ogres
  A death knight (D:13)
  A tengu warrior (D:13)
  Urug (D:10)
  An orc high priest (Orc:2)
  A sixfirhy (D:11)
  An unseen horror (D:12)
  Pikel (D:4)
  An orc knight (Orc:1)
  A cyclops (D:11)
  A manticore (D:13)
  3 ugly things (D:13)
  4 orc sorcerers (Orc:2)
  Joseph (D:8)
  Maurice (D:8)
  Psyche (D:9)
  2 gargoyles
  3 kobold demonologists (D:13)
  2 komodo dragons
  3 freezing wraiths (D:13)
  2 trolls
  The ghost of Feta the Shield-Bearer, an amateur FoFi of Ru (D:4)
  3 meliai (D:13)
  17 polar bears
  3 hippogriffs
  Sigmund (D:2)
  6 wraiths (D:13)
  15 yaks
  4 hogs (D:13)
  A steam dragon (D:10)
  2 wargs (Orc:2)
  A water moccasin (D:8)
  24 orc warriors
  A black bear (D:8)
  A hornet zombie (D:13)
  8 ice beasts
  A sky beast (D:13)
  An eye of draining (D:12)
  17 wolves
  5 ogres
  A phantom (D:10)
  2 centaurs
  A crocodile (D:12)
  7 big kobolds
  6 bullfrogs
  A hornet simulacrum (D:10)
  2 scorpions
  7 wights
  3 killer bees (D:10)
  2 howler monkeys
  An electric eel (D:9)
  A centaur zombie (D:6)
  3 bullfrog zombies
  8 hounds
  A quasit (D:9)
  8 crimson imps
  26 orc priests
  A gnoll shaman (D:10)
  2 bullfrog skeletons (D:5)
  2 jellies
  2 centaur skeletons (D:12)
  Ijyb (D:3)
  6 iguanas
  29 orc wizards
  8 worker ants
  2 hound skeletons
  9 gnolls
  A worker ant zombie (D:8)
  14 adders
  2 howler monkey skeletons
  A hound simulacrum (D:10)
  A shadow imp (D:9)
  14 white imps
  An ufetubus (D:10)
  2 oozes
  An adder zombie (D:6)
  A worm (D:3)
  2 dart slugs (D:2)
  4 leopard geckos
  78 orcs
  7 bats
  2 giant cockroaches (D:3)
  4 goblins
  3 hobgoblins
  7 jackals
  2 quokkas (D:5)
  A ball python (D:5)
  A ball python skeleton (D:4)
  8 frilled lizards
  23 kobolds
  A leopard gecko skeleton (D:5)
  A quokka zombie (D:6)
  2 rats
484 creatures vanquished.

Vanquished Creatures (collateral kills)
  Josephine (D:13)
  The ghost of Gruesome the Cleaver, a novice FoFi of Cheibriados (D:9)
  An ice statue (IceCv)
  A troll (D:9)
  A wolf (D:9)
  An electric eel (D:9)
  A crimson imp (D:13)
  An orc wizard (D:13)
  An ooze (D:4)
  2 worms
  3 orcs
  A goblin (D:2)
15 creatures vanquished.

Vanquished Creatures (others)
  A human (D:13)
  Menkaure (D:4)
  3 slaves (D:4)
  An orc priest (D:4)
  A hound (D:4)
  5 orc wizards
  A howler monkey skeleton (D:4)
  2 orcs (D:4)
  A fungus (Lair:1)
16 creatures vanquished.

Grand Total: 515 creatures vanquished

Notes
Turn   | Place    | Note
-------+----------+-------------------------------------------
     0 | D:1      | M4edhros the Octopode Artificer began the quest for the Orb.
     0 | D:1      | Reached XP level 1. HP: 13/13 MP: 3/3
   249 | D:2      | Noticed Sigmund
   261 | D:2      | Reached XP level 2. HP: 6/18 MP: 4/4
   347 | D:3      | Noticed Ijyb
   366 | D:3      | Killed Ijyb
   366 | D:3      | Reached XP level 3. HP: 14/23 MP: 5/5
   385 | D:3      | Found a glowing silver altar of Zin.
   477 | D:3      | Reached XP level 4. HP: 21/28 MP: 7/7
   776 | D:4      | Noticed Menkaure
   804 | D:4      | Reached XP level 5. HP: 14/33 MP: 4/8
   805 | D:4      | Your ally died
   808 | D:4      | Reached XP level 6. HP: 5/38 MP: 3/9
   864 | D:4      | Reached skill level 5 in Evocations
   866 | D:4      | Reached skill level 5 in Stealth
   929 | D:4      | Noticed Pikel
   931 | D:4      | Noticed a slave
   940 | D:4      | Noticed a slave
   941 | D:4      | Noticed a slave
   942 | D:4      | Noticed a slave
   945 | D:4      | Killed Pikel
   945 | D:4      | Reached skill level 5 in Dodging
   945 | D:4      | Reached XP level 7. HP: 5/43 MP: 5/11
  1013 | D:4      | Found a staircase to the Ecumenical Temple.
  1027 | Temple   | Entered the Ecumenical Temple
  1101 | Temple   | Became a worshipper of Cheibriados the Contemplative
  1655 | D:2      | Found a shattered altar of Ashenzari.
  1660 | D:2      | Killed Sigmund
  1660 | D:2      | Reached skill level 1 in Maces & Flails
  1660 | D:2      | Reached skill level 1 in Shields
  1660 | D:2      | Reached XP level 8. HP: 47/48 MP: 12/12
  1711 | D:2      | Reached skill level 2 in Maces & Flails
  1904 | D:4      | Reached * piety under Cheibriados
  1923 | D:4      | Found a hide-covered altar of Uskayaw.
  1965 | D:4      | Noticed Feta's ghost (amateur FoFi)
  1978 | D:4      | Killed Feta's ghost
  1995 | D:5      | Entered Level 5 of the Dungeon
  2008 | D:5      | Reached skill level 3 in Maces & Flails
  2281 | D:5      | Reached ** piety under Cheibriados
  2350 | D:5      | Found a burning altar of Makhleb.
  2358 | D:5      | Found a glowing golden altar of the Shining One.
  2358 | D:5      | Found a shadowy altar of Dithmenos.
  2360 | D:5      | Found a blossoming altar of Fedhas.
  2361 | D:5      | Found a sacrificial altar of Ru.
  2423 | D:6      | Reached skill level 4 in Maces & Flails
  2483 | D:6      | Got a flickering bone ring
  2484 | D:6      | Identified the ring "Uriutwucw" {Wiz rF+ Str+4} (You found it on level 6 of the Dungeon)
  2490 | D:6      | Learned a level 3 spell: Confuse
  2602 | D:6      | Reached XP level 9. HP: 23/57 MP: 13/13
  2613 | D:6      | Reached skill level 1 in Hexes
  2635 | D:6      | Got a dazzling rapier
  2636 | D:6      | Identified the +3 rapier of the Candelabrum {drain, rElec rF- rC+ MR+} (You found it on level 6 of the Dungeon)
  2890 | D:7      | Reached *** piety under Cheibriados
  2890 | D:7      | Reached skill level 1 in Spellcasting
  3020 | D:6      | Reached skill level 5 in Maces & Flails
  3064 | D:6      | Reached skill level 1 in Invocations
  3095 | D:6      | Found Kytri's Assorted Antiques.
  3105 | D:6      | Bought an onyx ring for 135 gold pieces
  3105 | D:6      | Bought a potion of heal wounds for 135 gold pieces
  3312 | D:8      | Found a radiant altar of Vehumet.
  3360 | D:8      | Reached **** piety under Cheibriados
  3365 | D:8      | Noticed Maurice
  3367 | D:8      | Reached XP level 10. HP: 59/63 MP: 14/14
  3374 | D:8      | Killed Maurice
  3374 | D:8      | Reached skill level 6 in Maces & Flails
  3451 | D:8      | Noticed Erica
  3465 | D:8      | Killed Erica
  3497 | D:8      | Noticed Joseph
  3508 | D:8      | Killed Joseph
  3577 | D:9      | Found an iron altar of Okawaru.
  3611 | D:9      | Noticed a two-headed ogre
  3628 | D:9      | Noticed Psyche
  3633 | D:9      | Paralysed by Psyche for 2 turns
  3639 | D:9      | Killed Psyche
  3645 | D:9      | Found a staircase to the Orcish Mines.
  3665 | D:9      | Noticed a centaur warrior
  3669 | D:9      | Reached ***** piety under Cheibriados
  3676 | D:9      | Killed a two-headed ogre
  3676 | D:9      | Reached skill level 5 in Fighting
  3676 | D:9      | Reached skill level 7 in Maces & Flails
  3676 | D:9      | Reached skill level 5 in Hexes
  3676 | D:9      | Reached skill level 5 in Invocations
  3783 | D:9      | Reached XP level 11. HP: 54/71 MP: 13/15
  3787 | D:9      | Found a staircase to the Lair.
  3800 | D:9      | Noticed Gruesome's ghost (novice FoFi)
  3808 | D:10     | Entered Level 10 of the Dungeon
  3844 | D:10     | Noticed Erolcha
  3859 | D:10     | Killed Erolcha
  3859 | D:10     | Reached skill level 5 in Shields
  3955 | D:10     | Noticed Urug
  3971 | D:10     | Killed Urug
  4149 | D:10     | Noticed Harold
  4162 | D:10     | Killed Harold
  4198 | D:10     | Reached skill level 8 in Maces & Flails
  4300 | D:9      | Killed Gruesome's ghost
  4347 | D:9      | Killed a centaur warrior
  4525 | D:11     | Noticed a cyclops
  4529 | D:11     | Reached XP level 12. HP: 78/78 MP: 18/18
  4564 | D:11     | Found Pucvyfes's Distillery.
  4573 | D:11     | Bought a potion of lignification for 36 gold pieces
  4573 | D:11     | Bought a potion of agility for 48 gold pieces
  4573 | D:11     | Bought a potion of magic for 96 gold pieces
  4641 | D:11     | Found an opulent altar of Gozag.
  4761 | D:11     | Found a runed door.
  5010 | D:12     | Noticed a two-headed ogre
  5023 | D:12     | Killed a two-headed ogre
  5331 | D:12     | Noticed a two-headed ogre
  5382 | D:13     | Noticed a tengu warrior
  5430 | D:12     | Killed a two-headed ogre
  5443 | D:12     | Reached ****** piety under Cheibriados
  5748 | D:13     | Noticed a centaur warrior
  5749 | D:13     | Reached skill level 9 in Maces & Flails
  5749 | D:13     | Killed a centaur warrior
  5787 | D:13     | Reached skill level 5 in Spellcasting
  5858 | D:13     | Noticed Kirke
  5867 | D:13     | Killed Kirke
  5909 | D:13     | Noticed a centaur warrior
  5910 | D:13     | Noticed a two-headed ogre
  5915 | D:13     | Reached XP level 13. HP: 76/85 MP: 15/20
  5919 | D:13     | Noticed Josephine
  5925 | D:13     | Killed Josephine
  5932 | D:13     | Reached skill level 10 in Maces & Flails
  6151 | Orc:1    | Entered Level 1 of the Orcish Mines
  6155 | Orc:1    | Found a frozen archway.
  6196 | IceCv    | Entered an ice cave
  6386 | IceCv    | Noticed a frost giant
  6391 | IceCv    | Gained mutation: One of your tentacles bears a spike. [potion of mutation]
  6391 | IceCv    | Gained mutation: Your magical capacity is low. (-10% MP) [potion of mutation]
  6391 | IceCv    | Gained mutation: You are agile. (Dex +2) [potion of mutation]
  6392 | IceCv    | Lost mutation: Your magical capacity is low. (-10% MP) [potion of mutation]
  6392 | IceCv    | Lost mutation: One of your tentacles bears a spike. [potion of mutation]
  6392 | IceCv    | Lost mutation: You are agile. (Dex +2) [potion of mutation]
  6392 | IceCv    | Gained mutation: You have an increased reservoir of magic. (+10% MP) [potion of mutation]
  6392 | IceCv    | Gained mutation: You are surrounded by a mild repulsion field. (EV +2) [potion of mutation]
  6413 | IceCv    | Killed a frost giant
  6750 | Orc:2    | Entered Level 2 of the Orcish Mines
  6805 | Orc:2    | Reached XP level 14. HP: 58/92 MP: 16/25
  6988 | Orc:2    | Found a roughly hewn altar of Beogh.
  7194 | Orc:2    | Noticed an orc warlord
  7223 | Orc:2    | Killed an orc warlord
  7269 | Orc:2    | Found a staircase to the Elven Halls.
  7367 | Orc:2    | Found Noutoteg's Jewellery Emporium.
  7367 | Orc:2    | Found Ecympol's Distillery.
  7370 | Orc:2    | Found Xakheuw's Book Shoppe.
  7372 | Orc:2    | Found Useewk's Distillery.
  7377 | Orc:2    | Bought a potion of heal wounds for 70 gold pieces
  7377 | Orc:2    | Bought a potion of agility for 56 gold pieces
  7377 | Orc:2    | Bought a potion of heal wounds for 70 gold pieces
  7380 | Orc:2    | Bought a book of Battle for 480 gold pieces
  7385 | Orc:2    | Learned a level 3 spell: Regeneration
  7388 | Orc:2    | Learned a level 2 spell: Song of Slaying
  7392 | Orc:2    | Learned a level 3 spell: Spectral Weapon
  7600 | D:6      | Bought a leatherbound book for 405 gold pieces
  7604 | D:6      | Learned a level 3 spell: Mephitic Cloud
  7687 | Lair:1   | Entered Level 1 of the Lair of Beasts
  7764 | Lair:1   | HP: 3/92 [six-headed hydra (13)]
  7764 | Lair:1   | Slain by a six-headed hydra

Vault maps used:
D:1:      denvon_arrival_planthouse, minmay_pentomino_x4
D:2:      evilmike_ruin_ashenzari, uniq_sigmund
D:3:      nicolae_overflow_crystal_walls, first_ration, lemuel_blue_sif_altar,
          uniq_ijyb
D:4:      eat_drink_and_be_merry_uskayaw, temple_hall, uniq_pikel, uniq_menkaure
D:5:      grunt_temple_overflow_open, nicolae_qazlal_eye_of_the_storm
D:6:      yredelemnul_forgotten_temple_becter, serial_shops, shop,
          kennysheep_generic_room_16
D:8:      lemuel_coloured_pillars_altar, serial_shops, shop_fountains,
          uniq_erica, uniq_maurice, uniq_joseph
D:9:      okawaru_gym_becter, erik_lair_island, uniq_psyche
D:10:     serial_ice, serial_ice_g, serial_ice_j, serial_ice_h, serial_ice_c,
          serial_ice_n, serial_ice_d, serial_ice_f, uniq_harold, uniq_erolcha,
          uniq_urug
D:11:     cheibrodos_shockbox, serial_shops, nicolae_shop_waterfront,
          blue_anna_alchemist, nicolae_gozag_seed_capital, uniq_sonja
D:12:     minmay_misc_feat_pillars
D:13:     uniq_josephine, uniq_kirke
Temple:   minmay_temple_curvy_loop
Lair:1:   columned_hall_lemuel, serial_bayou_shore_a
Orc:1:    portal_ice_cave_entry_imps
Orc:2:    st_orc_mages, nicolae_orc_lost_temple
IceCv:    ice_cave_small_giant

Skill      XL: |  1  2  3  4  5  6  7  8  9 10 11 12 13 14 |
---------------+-------------------------------------------+-----
Stealth        | 2 3 4 6 |  6.8
Evocations     | 4 6 8 9 |  9.0
Dodging        | 3 5 6 7 8 9 |  9.1
Maces & Flails | 1 4 5 7 8 9 10 | 10.2
Shields        | 1 2 3 4 5 6 8 9 |  9.0
Fighting       | 3 4 5 6 7 |  7.6
Hexes          | 3 5 6 8 9 |  9.2
Spellcasting   | 2 3 4 5 |  5.9
Invocations    | 3 5 7 8 9 |  9.6
Short Blades   | |  1.0

Action                   |  1- 3 |  4- 6 |  7- 9 | 10-12 | 13-15 || total
-------------------------+-------+-------+-------+-------+-------++-------
Melee: Short sword       |    41 |    29 |       |       |       ||    70
       Constrict         |     7 |     9 |    65 |    83 |    48 ||   212
       Tentacles         |     5 |     4 |    79 |   170 |   120 ||   378
       Flail             |       |     5 |   222 |   349 |       ||   576
       Unarmed           |       |       |       |     8 |       ||     8
       Morningstar       |       |       |       |    22 |   252 ||   274
       Rapier            |       |       |       |       |     9 ||     9
 Cast: Confuse           |       |       |     6 |    52 |    23 ||    81
Invok: Slouch            |       |       |       |     7 |    13 ||    20
Evoke: Wand              |     6 |    24 |     6 |    15 |    38 ||    89
       Phial of floods   |       |       |       |     1 |     2 ||     3
       Sack of spiders   |       |       |       |       |     2 ||     2
  Use: Potion            |     2 |       |     1 |     2 |    11 ||    16
       Scroll            |       |       |     1 |       |    14 ||    15
 Stab: Sleeping          |     3 |     2 |     7 |    10 |     8 ||    30
       Paralysed         |       |     2 |       |       |       ||     2
       Confused          |       |       |       |    25 |     5 ||    30
       Distracted        |       |       |       |       |     2 ||     2
  Eat: Chunk             |       |       |     7 |     9 |     4 ||    20
       Ration            |       |       |       |       |     1 ||     1
Armor: Skin              |     5 |     6 |    39 |    39 |    66 ||   155
Dodge: Dodged            |    36 |    20 |   135 |   283 |   239 ||   713
Block: Buckler           |       |       |    48 |   125 |    52 ||   225
       Large shield      |       |       |       |       |   208 ||   208

Table legend:
 A = Spawn XP
 B = Non-spawn XP
 C = Spawn XP percentage of total XP
 D = Spawn monster count
 E = Non-spawn monster count
 F = Spawn count percentage of total count
 G = Total turns spent on level
                    A         B        C        D         E        F      G
               +---------+---------+-------+---------+---------+-------+---------
         Total |       0 |   60885 |   0.0 |       0 |     502 |   0.0 |  7764
               +---------+---------+-------+---------+---------+-------+---------
           D:1 |       0 |      13 |   0.0 |       0 |       8 |   0.0 |   376
           D:2 |       0 |     347 |   0.0 |       0 |      22 |   0.0 |   465
           D:3 |       0 |      85 |   0.0 |       0 |      17 |   0.0 |   492
           D:4 |       0 |    1084 |   0.0 |       0 |      24 |   0.0 |   525
           D:5 |       0 |     497 |   0.0 |       0 |      24 |   0.0 |   388
           D:6 |       0 |     972 |   0.0 |       0 |      24 |   0.0 |   530
           D:7 |       0 |     478 |   0.0 |       0 |      12 |   0.0 |   408
           D:8 |       0 |    3427 |   0.0 |       0 |      32 |   0.0 |   362
           D:9 |       0 |    4064 |   0.0 |       0 |      36 |   0.0 |   483
          D:10 |       0 |    6687 |   0.0 |       0 |      54 |   0.0 |   524
          D:11 |       0 |    2311 |   0.0 |       0 |      11 |   0.0 |   607
          D:12 |       0 |    4194 |   0.0 |       0 |      22 |   0.0 |   661
          D:13 |       0 |   17241 |   0.0 |       0 |      66 |   0.0 |   365
        Lair:1 |       0 |     361 |   0.0 |       0 |       1 |   0.0 |    77
         Orc:1 |       0 |    1726 |   0.0 |       0 |      35 |   0.0 |   271
         Orc:2 |       0 |    8376 |   0.0 |       0 |      78 |   0.0 |   608
         IceCv |       0 |    9022 |   0.0 |       0 |      36 |   0.0 |   485
               +---------+---------+-------+---------+---------+-------+---------
